 Dungeon Crawl Stone Soup version 0.24-a0-525-g9231cdc (webtiles) character file.

Game seed: 9350747587918501154

480 silentkaos13 the Chopper (level 6, -2/56 HPs)
             Began as a Minotaur Berserker on Aug 4, 2019.
             Was a Priest of Trog.
             Slain by an orc warrior
             ... wielding a +0 short sword
              (13 damage)
             ... on level 7 of the Dungeon.
             The game lasted 00:08:08 (3626 turns).

silentkaos13 the Chopper (Minotaur Berserker)       Turns: 3626, Time: 00:08:09

Health: -2/56      AC:  5    Str: 23    XL:     6   Next: 86%
Magic:  5/5        EV: 12    Int:  4    God:    Trog [***...]
Gold:   149        SH:  0    Dex: 10    Spells: 5/5 levels left

rFire    + . .     SeeInvis .   q - +0 war axe
rCold    x . .     Gourm    .   (no shield)
rNeg     . . .     Faith    .   p - +0 ring mail
rPois    .         Spirit   .   (helmet restricted)
rElec    .         Reflect  .   (no cloak)
rCorr    .         Harm     .   (no gloves)
MR       ++...                  (no boots)
Stlth    ++........             (no amulet)
HPRegen  1.18/turn              h - ring of fire
MPRegen  0.09/turn              w - ring of stealth

@: lethally poisoned (-2 -> -2), regenerating
A: retaliatory headbutt, horns 2
a: Berserk, Trog's Hand, Renounce Religion


You were on level 7 of the Dungeon.
You worshipped Trog.
Trog was most pleased with you.
You were not hungry.

You visited 1 branch of the dungeon, and saw 5 of its levels.

You collected 149 gold pieces.

Inventory:

Hand Weapons
 a - a +0 hand axe
 q - a +0 war axe (weapon)
Armour
 b - a +0 animal skin
 p - a +0 ring mail (worn)
Jewellery
 h - a ring of fire (left hand)
 r - an uncursed ring of magical power
 w - a ring of stealth (right hand)
 x - an uncursed amulet of harm {unknown}
Wands
 o - a wand of flame (9)
Scrolls
 f - a scroll of enchant weapon {unknown}
 j - 3 scrolls of remove curse {unknown}
 k - 2 scrolls of amnesia
 m - 2 scrolls of immolation {unknown}
 s - a scroll of teleportation {unknown}
 v - a scroll of blinking {unknown}
Potions
 d - 2 potions of flight {unknown}
 e - 2 potions of cancellation {unknown}
 g - a potion of heal wounds {unknown}
 i - a potion of agility
 l - 4 potions of curing {unknown}
 n - a potion of invisibility {unknown}
 t - a potion of magic {unknown}
 u - 2 potions of degeneration {unknown}
Comestibles
 c - 5 rations


   Skills:
 + Level 5.0 Fighting
 + Level 6.7 Axes
 + Level 3.9 Armour
 + Level 4.0 Dodging
 + Level 1.4 Stealth


You had 5 spell levels left.
You didn't know any spells.
Your spell library was empty.

Dungeon Overview and Level Annotations

Branches:
Dungeon (4/15)
 Temple: D:4-7

Altars:
Hepliaklqana
Qazlal
Uskayaw


Innate Abilities, Weirdness & Mutations

You reflexively headbutt those who attack you in melee.
You have a pair of horns on your head.


Message History

You slash the adder!
You kill the adder!
Trog accepts your kill.
You slash the orc warrior!
You feel sick.
The orc warrior hits you with a +0 short sword!
The shadow imp puffs mist at you.
You hit the orc warrior but do no damage.
The orc warrior is heavily wounded.
The orc warrior hits you with a +0 short sword.
You hit the orc warrior but do no damage.
You headbutt the orc warrior.
The orc warrior is severely wounded.
You feel sick.
The orc warrior hits you with a +0 short sword!
* * * LOW HITPOINT WARNING * * *
Your skin crawls.
You feel resistant to hostile enchantments.
You feel somewhat more hungry.
The orc warrior hits you with a +0 short sword!
You die...

#. #.####### #.
...s..... #.
#........# #.
#........# #
#.##........## #<.
#............
.....#.##..##..###.
#.....)@...........
#...#.lo#...#...#..
#....#...#...#...#
#....)#5.?#..$#...#
.....#...#...#...#.
##..#...#...#...#..
#.................
#....#...#...#...


You could see an orc warrior, an iguana and a shadow imp.

Vanquished Creatures
  Sigmund (D:2)
  A howler monkey (D:4)
  An iguana (D:7)
  Terence (D:2)
  An orc wizard (D:3)
  4 gnolls (D:3)
  5 adders
  3 oozes
  2 worms
  3 dart slugs
  3 leopard geckos
  14 orcs
  4 giant cockroaches
  9 goblins
  6 hobgoblins
  3 jackals (D:3)
  3 quokkas
  2 ball pythons
  11 bats
  A frilled lizard (D:1)
  8 kobolds
  8 rats
  A bush (D:1)
  A plant (D:1)
96 creatures vanquished.

Notes
Turn   | Place    | Note
-------+----------+-------------------------------------------
     0 | D:1      | silentkaos13 the Minotaur Berserker began the quest for the
                  | Orb.
     0 | D:1      | Reached XP level 1. HP: 19/19 MP: 0/0
   408 | D:1      | Reached XP level 2. HP: 21/27 MP: 1/1
   516 | D:1      | Reached skill level 4 in Axes
   792 | D:1      | Reached XP level 3. HP: 31/33 MP: 2/2
  1188 | D:2      | Noticed Terence
  1194 | D:2      | Killed Terence
  1251 | D:2      | Reached XP level 4. HP: 9/41 MP: 3/3
  1510 | D:2      | Reached ** piety under Trog
  1597 | D:2      | Found a stormy altar of Qazlal.
  1601 | D:2      | Found a hide-covered altar of Uskayaw.
  1746 | D:2      | Noticed Sigmund
  1767 | D:2      | Killed Sigmund
  1767 | D:2      | Reached skill level 5 in Axes
  1767 | D:2      | Reached skill level 1 in Stealth
  1767 | D:2      | Reached XP level 5. HP: 27/47 MP: 4/4
  2327 | D:3      | Reached skill level 6 in Axes
  2330 | D:3      | Reached XP level 6. HP: 44/55 MP: 5/5
  3029 | D:3      | Reached *** piety under Trog
  3554 | D:4      | Found a hazy altar of Hepliaklqana.
  3615 | D:4      | You fall into a shaft and drop 3 floors!
  3617 | D:7      | Noticed an orc warrior
  3620 | D:7      | Reached skill level 5 in Fighting
  3626 | D:7      | Slain by an orc warrior

Levels and vault maps discovered:
D:1:      co_arrival_square_in_a_square_in_a_square, layout_loops_ring,
          serial_forest, infiniplex_forest_lined_3_way,
          infiniplex_forest_lined_3, infiniplex_forest_lined_corner,
          infiniplex_forest_lined_room_3, infiniplex_forest_clump_diagonal,
          infiniplex_forest_straight_1
D:2:      layout_basic, nicolae_overflow_hidden_temple, first_ration,
          minmay_tetromino_o2, uniq_sigmund, uniq_terence
D:3:      layout_basic
D:4:      layout_layer_cave, kennysheep_mini, vehumet_statue,
          guppyfry_early_orc_mine
D:7:      cheibrodos_fzero, layout_basic, basic_altar,
          nicolae_ossuary_entry_monument

Skill      XL: |  1  2  3  4  5  6 |
---------------+-------------------+-----
Fighting       | 4 5 |  5.0
Axes           | 4 5 6 |  6.7
Armour         | 3 |  3.9
Dodging        | 3 4 |  4.0
Stealth        | 1 |  1.4

Action                   |  1- 3 |  4- 6 || total
-------------------------+-------+-------++-------
Melee: Hand axe          |   140 |       ||   140
       Headbutt          |    37 |    25 ||    62
       War axe           |     1 |   125 ||   126
Invok: Berserk           |     1 |       ||     1
       Trog's Hand       |       |     1 ||     1
  Use: Scroll            |       |     4 ||     4
 Stab: Sleeping          |     1 |     4 ||     5
  Eat: Chunk             |     2 |     2 ||     4
       Ration            |       |     2 ||     2
Armor: Animal skin       |    18 |       ||    18
       Ring mail         |       |    34 ||    34
Dodge: Dodged            |    56 |    88 ||   144

Table legend:
 A = Non-vault XP
 B = Vault XP
 C = Vault XP percentage of total XP
 D = Non-vault monster count
 E = Vault monster count
 F = Vault count percentage of total count
                 A         B        C        D         E       F
            +---------+---------+-------+---------+---------+-------
      Total |     422 |     264 |  38.5 |      88 |       6 |   6.4
            +---------+---------+-------+---------+---------+-------
        D:1 |      41 |       0 |   0.0 |      18 |       0 |   0.0
        D:2 |      55 |     258 |  82.4 |      18 |       4 |  18.2
        D:3 |     217 |       0 |   0.0 |      47 |       0 |   0.0
        D:4 |      58 |       3 |   4.9 |       3 |       1 |  25.0
        D:7 |      51 |       3 |   5.6 |       2 |       1 |  33.3
            +---------+---------+-------+---------+---------+-------
